 Dungeon Crawl Stone Soup version 0.21.0-3-g78d12a8 (webtiles) character file.

207 MDvedh the Magician (level 5, -2/35 HPs)
             Began as a Mummy Enchanter on Jan 16, 2018.
             Slain by an ogre
             ... wielding a +0 giant club
              (19 damage)
             ... on level 4 of the Dungeon.
             The game lasted 00:05:15 (3131 turns).

MDvedh the Magician (Mummy Enchanter)               Turns: 3131, Time: 00:05:15

Health: -2/35      AC:  5    Str: 12    XL:     5   Next: 54%
Magic:  6/11       EV: 12    Int: 15    God:
Gold:   125        SH:  0    Dex: 12    Spells: 4/13 levels left

rFire    x . .     SeeInvis .   g - +1 dagger (venom)
rCold    + . .     Gourm    .   (no shield)
rNeg     + + +     Faith    .   b - +0 robe
rPois    ∞         Spirit   .   a - +0 helmet
rElec    .         Reflect  .   h - +0 cloak
rCorr    .         Harm     .   d - +0 pair of gloves
MR       .....                  (no boots)
Stlth    ++........             (no amulet)
HPRegen  0.11/turn              (no ring)
MPRegen  0.12/turn              (no ring)

@: no status effects
A: no food or potions, fire vulnerability, cold resistance 1, negative energy
resistance 3, torment resistance, unbreathing
a: no special abilities


You were on level 4 of the Dungeon.
You were not hungry.

You visited 1 branch of the dungeon, and saw 4 of its levels.

You collected 125 gold pieces.

Inventory:

Hand Weapons
 g - a +1 dagger of venom (weapon)
Armour
 a - a +0 helmet (worn)
 b - a +0 robe (worn)
 d - a +0 pair of gloves (worn)
 h - a +0 cloak (worn)
Jewellery
 l - a +3 amulet of reflection {unknown}
Wands
 m - a wand of random effects (31)
 n - a wand of iceblast (7)
Scrolls
 e - 2 scrolls of enchant armour {unknown}
 f - 2 scrolls of teleportation {unknown}
 i - a scroll of immolation {unknown}
 j - 2 scrolls of identify {unknown}
 k - 2 scrolls of remove curse {unknown}
 o - a scroll of blinking {unknown}
Books
 c - a book of Maledictions

   Spells                             Type                      Level
   a - Corona                         Hexes                        1
   b - Ensorcelled Hibernation        Hexes/Ice                    2
   c - Confuse                        Hexes                        3
   d - Tukima's Dance                 Hexes                        3
   e - Dazzling Spray                 Conjuration/Hexes            3


   Skills:
 * Level 1.3 Short Blades
 - Level 1.5 Dodging
 - Level 2.4 Stealth
 + Level 4.6 Spellcasting
 + Level 3.9 Hexes
 + Level 2.1 Ice Magic


You had 4 spell levels left.
You knew the following spells:

 Your Spells              Type           Power        Failure   Level  Hunger
a - Corona                Hex            ###....      3%          1    N/A
b - Ensorcelled Hibernat  Hex/Ice        ##....       8%          2    N/A
c - Confuse               Hex            ###.....     10%         3    N/A
d - Tukima's Dance        Hex            ###.....     10%         3    N/A

Dungeon Overview and Level Annotations

Branches:
Dungeon (4/15)
 Temple: D:4-7

Altars:
Nemelex Xobeh
Ru

Annotations:
D:3 ponchio's ghost, amateur GrFi


Innate Abilities, Weirdness & Mutations

You do not eat or drink.
Your flesh is vulnerable to fire.
You are immune to poison.
Your flesh is cold resistant. (rC+)
You are immune to negative energy. (rN+++)
You are immune to unholy pain and torment.
You can survive without breathing.


Message History

Confirm with . or Enter, or press ? or * to list all spells.
Aiming: Ensorcelled Hibernation
Press: ? - help, Shift-Dir - straight line, f - ogre
Aim: an ogre, wielding a giant club (chance to defeat MR: 43%)
The ogre looks drowsy...
Found a scroll labeled PETEHO DIPT.
You hear the hiss of a distant avalanche of sand.
The helpless ogre fails to defend itself.
You puncture the ogre!
The ogre looks as sick as possible!
The ogre is heavily wounded.
The ogre hits you with a giant club!!
Ouch! That really hurt!
Casting: Ensorcelled Hibernation
Confirm with . or Enter, or press ? or * to list all spells.
Aiming: Confuse
Press: ? - help, Shift-Dir - straight line, f/p - ogre
Aim: an ogre, wielding a giant club (heavily wounded, poisoned, chance to defeat MR: 46%)
The ogre resists with some effort.
The ogre hits you with a giant club!!
Ouch! That really hurt!
You die...

...?..
#.....##.#
......
#.....##.###
.....
#.##..##.... .
...
####.###.##..##
..####.###....#
#.....#
.....#.....####
#..#.##
........####
##.#.#
##......+ #....
#.....@# #...##
###..O........
....#
#.....####.#
##..# +......
.># ###.....
#......
#.......
#........
#########


You could see an ogre.

Vanquished Creatures
  A crimson imp (D:3)
  A hound (D:4)
  A hound zombie (D:3)
  3 gnolls (D:2)
  4 adders
  A worm (D:2)
  2 dart slugs (D:2)
  2 leopard geckos (D:3)
  2 orcs (D:3)
  3 giant cockroaches
  7 goblins
  7 hobgoblins
  3 jackals (D:2)
  A ball python (D:2)
  4 bats
  4 frilled lizards
  7 kobolds
  5 rats
58 creatures vanquished.

Notes
Turn   | Place    | Note
-------+----------+-------------------------------------------
     0 | D:1      | MDvedh the Mummy Enchanter began the quest for the Orb.
     0 | D:1      | Reached XP level 1. HP: 13/13 MP: 4/4
   163 | D:1      | Reached skill level 3 in Spellcasting
   220 | D:1      | Reached XP level 2. HP: 2/19 MP: 6/6
   224 | D:1      | Learned a level 2 spell: Ensorcelled Hibernation
   826 | D:2      | Found a sacrificial altar of Ru.
   836 | D:2      | Found a sparkling altar of Nemelex Xobeh.
  1146 | D:2      | Reached XP level 3. HP: 19/24 MP: 8/8
  1503 | D:2      | Reached skill level 1 in Ice Magic
  1561 | D:2      | Reached XP level 4. HP: 23/30 MP: 9/9
  1868 | D:2      | Reached skill level 4 in Spellcasting
  2216 | D:3      | Noticed ponchio's ghost (amateur GrFi)
  2241 | D:3      | Reached XP level 5. HP: 25/35 MP: 8/11
  2283 | D:3      | Learned a level 3 spell: Confuse
  2287 | D:3      | Learned a level 3 spell: Tukima's Dance
  2425 | D:3      | Reached skill level 1 in Short Blades
  2932 | D:4      | Noticed an ogre
  3125 | D:4      | Noticed an ogre
  3131 | D:4      | Slain by an ogre

Skill      XL: |  1  2  3  4  5 |
---------------+----------------+-----
Spellcasting   | 3 4 |  4.6
Hexes          | 3 |  3.9
Ice Magic      | 1 2 |  2.1
Short Blades   | 1 |  1.3
Dodging        | |  1.5
Stealth        | |  2.4

Action                   |  1- 3 |  4- 6 || total
-------------------------+-------+-------++-------
Melee: Dagger            |   123 |   129 ||   252
 Cast: Ensorcelled Hiber |     3 |     2 ||     5
       Confuse           |       |     2 ||     2
 Stab: Sleeping          |     2 |     4 ||     6
Armor: Robe              |    28 |    46 ||    74
Dodge: Dodged            |    68 |    69 ||   137
